AoeStats
← Dibujanding

Arabia

508764833Analyzed
1v1 RM · 8d ago on Sep 24, 2026· 56m 8s· 2 players
Game mode
Random Map
Map size
Tiny (2 player)
Population
200
Speed
Normal
Resources
Standard
Victory
Conquest
Starting age
Dark Age
Ending age
Imperial Age
RankedLock teamsTeams togetherTeam positionsShared explorationLock speedFull tech treeHidden civsTurbo modeCheats
Victory
Defeat
🇲🇽 Vikings · Mexico
1035
+17
🇵🇪 Tatars · Peru
1050
-17
Dibujanding
9:54 Feudal Age
9:57 Man-at-Arms
10:25 Double-Bit Axe
15:31 Horse Collar
15:46 Gold Mining
16:11 Loom
16:26 Stone Mining
21:05 Padded Archer Armor
21:21 Fletching
24:41 Castle Age
24:25 Scale Mail Armor
24:42 Crossbowman
25:24 Bodkin Arrow
25:45 Bow Saw
25:38 Heavy Plow
28:07 Gold Shaft Mining
28:10 Leather Archer Armor
27:47 Pikeman
29:18 Chain Mail Armor
29:25 Murder Holes
31:59 Squires
33:08 Ballistics
34:03 Chieftains
34:25 Forging
34:43 Treadmill Crane
35:42 Forging
39:27 Imperial Age
40:06 Iron Casting
39:52 Arbalester
40:35 Bracer
41:06 Ring Archer Armor
43:51 Conscription
43:58 Heated Shot
45:12 Chemistry
44:46 Plate Mail Armor
45:17 Blast Furnace
46:06 Elite Berserk
47:08 Long Swordsman
50:48 Crop Rotation
Hurin
7:34 Loom
10:16 Feudal Age
13:00 Double-Bit Axe
14:03 Town Watch
15:37 Fletching
16:30 Horse Collar
19:54 Padded Archer Armor
22:27 Castle Age
22:23 Wheelbarrow
22:32 Crossbowman
23:44 Bow Saw
25:30 Bodkin Arrow
26:59 Gold Mining
31:26 Hand Cart
31:08 Elite Skirmisher
34:16 Ballistics
35:42 Leather Archer Armor
35:32 Stone Mining
41:04 Imperial Age
40:07 Forging
40:48 Treadmill Crane
41:05 Murder Holes
42:07 Conscription
44:40 Bloodlines
46:03 Masonry
47:34 Ring Archer Armor
50:20 Heavy Plow
51:19 Bracer
51:26 Scale Barding Armor
51:56 Iron Casting
51:26 Husbandry
54:35 Gold Shaft Mining
54:11 Silk Armor
Connection lost

Rejoining the realm…

Still unreachable

The connection could not be restored.

Session expired

The server has moved on; the page needs a fresh start.